 Dungeon Crawl Stone Soup version 0.29.1-1-gd02db6906a (webtiles) character file.

Game seed: 13333520134139983046

91 DocClef the Firebug (level 4, 0/32 HPs)
             Began as a Gnoll Fire Elementalist on Sept 15, 2022.
             Killed from afar by Sigmund (8 damage)
             ... with a magic dart
             ... on level 2 of the Dungeon.
             The game lasted 00:04:07 (3198 turns).

DocClef the Firebug (Gnoll Fire Elementalist)       Turns: 3198, Time: 00:04:07

Health: 0/32       AC:  2    Str:  7    XL:     4   Next: 59%
Magic:  0/11       EV: 13    Int: 12    God:
Gold:   89         SH:  0    Dex: 12    Spells: 9/13 levels left

rFire   . . .      SeeInvis .   q - +10 rapier "Wuranemn" {vorpal, +Blink rPois rCorr Int-5}
rCold   . . .      Faith    .   (no shield)
rNeg    . . .      Spirit   .   a - +0 robe
rPois   +          Reflect  .   (no helmet)
rElec   .          Harm     .   (no cloak)
rCorr   +          Rampage  .   (no gloves)
Will    .....                   (no boots)
Stlth   ++........              (no amulet)
HPRegen 0.10/turn               (no ring)
MPRegen 0.12/turn               (no ring)

@: no status effects
A: fangs 1, strong nose, distributed training
a: Evoke Blink


You were on level 2 of the Dungeon.
You visited 1 branch of the dungeon, and saw 3 of its levels.

You collected 89 gold pieces.

Inventory:

Hand Weapons
 d - a +0 dagger
 q - the +10 rapier "Wuranemn" (weapon) {vorpal, +Blink rPois rCorr Int-5}
   (You found it on level 2 of the Dungeon)

   It inflicts extra damage upon your enemies.
   Int:       It affects your intelligence (-5).
   rPois:     It protects you from poison.
   +Blink:    It lets you blink.
   rCorr:     It protects you from acid and corrosion.
Armour
 a - a +0 robe (worn)
Jewellery
 i - a ring of protection from cold
 k - a ring of see invisible
Wands
 l - a wand of paralysis (8)
Scrolls
 c - a scroll of fog {unknown}
 e - 7 scrolls of identify {unknown}
 f - a scroll of noise {unknown}
 g - a scroll of teleportation {unknown}
 o - a scroll of enchant weapon {unknown}
Potions
 b - 2 potions of magic
 h - a potion of cancellation {unknown}
 j - a potion of haste {unknown}
 m - 2 potions of attraction {unknown}
 n - a potion of mutation {unknown}
 p - a potion of resistance {unknown}


   Skills:
 + Level 1.2 Fighting
 + Level 1.2 Short Blades
 + Level 1.2 Long Blades
 + Level 1.2 Axes
 + Level 1.2 Maces & Flails
 + Level 1.2 Polearms
 + Level 1.2 Staves
 + Level 1.2 Ranged Weapons
 + Level 1.2 Throwing
 + Level 1.2 Armour
 + Level 4.7 Dodging
 + Level 4.3 Stealth
 + Level 1.2 Shields
 + Level 1.2 Unarmed Combat
 + Level 5.1 Spellcasting
 + Level 2.3 Conjurations
 + Level 1.0 Hexes
 + Level 1.0 Summonings
 + Level 1.0 Necromancy
 + Level 1.0 Translocations
 + Level 1.0 Transmutations
 + Level 5.5 Fire Magic
 + Level 1.0 Ice Magic
 + Level 1.0 Air Magic
 + Level 1.0 Earth Magic
 + Level 1.0 Poison Magic
 + Level 1.3 Invocations
 + Level 1.2 Evocations


You had 9 spell levels left.
You knew the following spells:

 Your Spells              Type           Power      Damage    Failure   Level
a - Foxfire               Conj/Fire      48%        2x1d6     4%          1
b - Inner Flame           Hex/Fire       10%        N/A       16%         3

Your spell library contained the following spells:

 Spells                   Type           Power      Damage    Failure   Level
 Scorch                   Fire           32%        2d7       3%          2
 Conjure Flame            Conj/Fire      12%        6-21      12%         3
 Sting                    Tmut/Pois      20%        1d4       13%         1
 Poisonous Vapours        Pois/Air       10%        N/A       21%         2
 Flame Wave               Conj/Fire      12%        2d6       36%         4
 Olgreb's Toxic Radiance  Pois           5%         N/A       78%         4


Dungeon Overview and Level Annotations

Branches:
Dungeon (3/15)

Altars:
Elyvilon

Annotations:
D:2 Sigmund


Innate Abilities, Weirdness & Mutations

You have very sharp teeth.
Your uncanny sense of smell can sniff out nearby items.
Your experience applies equally to all skills.


Message History

Sigmund is lightly wounded.
The foxfire hits Sigmund but does no damage.
Sigmund is lightly wounded.
Sigmund is engulfed in blazing flames.
Flame seeps out of Sigmund.
Sigmund screams, "Die, monster!"
You conjure some foxfire!
Sigmund gestures wildly while chanting.
Sigmund flickers and vanishes!
Deactivating autopickup; reactivate with Ctrl-A.
The foxfire hits something but does no damage.
The foxfire hits something.
Flame seeps out of something. x2
You conjure some foxfire!
Something completely misses you.
You conjure some foxfire!
The foxfire hits something but does no damage. x2
Something hits you!
The foxfire hits something but does no damage. x2
You conjure some foxfire!
Something hits you.
The foxfire hits something but does no damage.
The foxfire hits something.
Flame seeps out of something. x2
Something hits you.
You are too injured to fight recklessly!
Casting: Foxfire (safe; 4% risk of failure)
Confirm with . or Enter, or press ? or * to list all spells.
Okay, then.
Casting: Foxfire (safe; 4% risk of failure)
Confirm with . or Enter, or press ? or * to list all spells.
You conjure some foxfire!
The foxfire hits something but does no damage.
A puff of flame appears from out of thin air!
The puff of flame hits you!
* * * LOW HITPOINT WARNING * * *
There is an open door here.
Casting: Foxfire (safe; 4% risk of failure)
Confirm with . or Enter, or press ? or * to list all spells.
You conjure some foxfire!
The foxfire hits something.
The foxfire hits something but does no damage.
A magic dart appears from out of thin air!
The magic dart hits you!
You die...

#.....# #.......# ####.#...##
).....# ####...## #.........#
#.....# ##.....###.###.###.#
#.....# ##.......##.###..# .#
##...######.........#.##..<##.#
.#####....'.........'.......#.#
## #...####.........#.........#
#..## ##.......######..####
#.## ##.§.@.## ##.# #.#
#######§§.## #.#
##.###...####'## #.#
##...#.###.###{## #.# ##.....##
##.#.#.#########.# #.....).#
#..###..v.@..... ##(....##
##.#.#.##########
##...#.###.#.....#
##.###...###...##


There were no monsters in sight!

Vanquished Creatures
  An orc wizard (D:2)
  An adder (D:2)
  A dart slug (D:2)
  5 orcs
  A ball python (D:1)
  5 endoplasms
  2 giant cockroaches (D:2)
  7 goblins
  2 hobgoblins (D:3)
  4 quokkas
  A bat (D:1)
  5 frilled lizards
  7 kobolds
  5 rats
47 creatures vanquished.

Vanquished Creatures (others)
  183 foxfires
183 creatures vanquished.

Grand Total: 230 creatures vanquished

Notes
Turn   | Place    | Note
-------+----------+-------------------------------------------
     0 | D:1      | DocClef the Gnoll Fire Elementalist began the quest for the
                  | Orb.
     0 | D:1      | Reached XP level 1. HP: 13/13 MP: 6/6
   490 | D:1      | Reached XP level 2. HP: 19/19 MP: 4/7
  1436 | D:2      | Noticed Sigmund
  1505 | D:2      | Reached skill level 5 in Spellcasting
  1505 | D:2      | Reached XP level 3. HP: 22/25 MP: 3/9
  1727 | D:2      | Learned a level 3 spell: Inner Flame
  1853 | D:2      | Found a faded altar of an unknown god.
  1891 | D:2      | Reached skill level 1 in Fighting
  1891 | D:2      | Reached skill level 1 in Short Blades
  1891 | D:2      | Reached skill level 1 in Long Blades
  1891 | D:2      | Reached skill level 1 in Axes
  1891 | D:2      | Reached skill level 1 in Maces & Flails
  1891 | D:2      | Reached skill level 1 in Polearms
  1891 | D:2      | Reached skill level 1 in Staves
  1891 | D:2      | Reached skill level 1 in Ranged Weapons
  1891 | D:2      | Reached skill level 1 in Throwing
  1891 | D:2      | Reached skill level 1 in Armour
  1891 | D:2      | Reached skill level 1 in Shields
  1891 | D:2      | Reached skill level 1 in Unarmed Combat
  1891 | D:2      | Reached skill level 1 in Invocations
  1891 | D:2      | Reached skill level 1 in Evocations
  1896 | D:2      | Reached XP level 4. HP: 32/32 MP: 1/11
  2125 | D:3      | Found a white marble altar of Elyvilon.
  2365 | D:3      | Noticed a necrophage
  2620 | D:2      | Reached skill level 1 in Hexes
  2620 | D:2      | Reached skill level 1 in Summonings
  2620 | D:2      | Reached skill level 1 in Necromancy
  2620 | D:2      | Reached skill level 1 in Translocations
  2620 | D:2      | Reached skill level 1 in Transmutations
  2620 | D:2      | Reached skill level 1 in Ice Magic
  2620 | D:2      | Reached skill level 1 in Air Magic
  2620 | D:2      | Reached skill level 1 in Earth Magic
  2620 | D:2      | Reached skill level 1 in Poison Magic
  3143 | D:2      | Identified the +10 rapier "Wuranemn" {vorpal, +Blink rPois
                  | rCorr Int-5}
  3198 | D:2      | Killed from afar by Sigmund

Illustrated notes

Levels and vault maps discovered:
D:1:      denvon_arrival_planthouse, layout_loops_corners, due_unseen_surprise
D:2:      layout_loops_corners, chequers_ecumenical_altar_simple,
          glass_columns_b, minmay_goblin_kobold_house, uniq_sigmund
D:3:      layout_basic, old_standard_altar, minmay_misc_feat_roman,
          nrook_campfire

Skill      XL: |  1  2  3  4 |
---------------+-------------+-----
Conjurations   | 2 |  2.3
Spellcasting   | 5 |  5.1
Fighting       | 1 |  1.2
Short Blades   | 1 |  1.2
Long Blades    | 1 |  1.2
Axes           | 1 |  1.2
Maces & Flails | 1 |  1.2
Polearms       | 1 |  1.2
Staves         | 1 |  1.2
Ranged Weapons | 1 |  1.2
Throwing       | 1 |  1.2
Armour         | 1 |  1.2
Shields        | 1 |  1.2
Unarmed Combat | 1 |  1.2
Invocations    | 1 |  1.3
Evocations     | 1 |  1.2
Hexes          | 1 |  1.0
Summonings     | 1 |  1.0
Necromancy     | 1 |  1.0
Translocations | 1 |  1.0
Transmutations | 1 |  1.0
Ice Magic      | 1 |  1.0
Air Magic      | 1 |  1.0
Earth Magic    | 1 |  1.0
Poison Magic   | 1 |  1.0
Dodging        | |  4.7
Stealth        | |  4.3
Fire Magic     | |  5.5

Action                   |  1- 3 |  4- 6 || total
-------------------------+-------+-------++-------
Melee: Unarmed           |     9 |       ||     9
       Bite              |     3 |     1 ||     4
       Dagger            |     8 |     8 ||    16
       Punch             |       |     1 ||     1
 Cast: Foxfire           |    65 |    54 ||   119
       Inner Flame       |       |     1 ||     1
 Stab: Sleeping          |     5 |     2 ||     7
Armor: Robe              |    13 |       ||    13
Dodge: Dodged            |    13 |    16 ||    29
